 Dungeon Crawl Stone Soup version 0.29-a0-375-g5102b3be25 (webtiles) character file.

Game seed: 5285705467852338332

1764 happo123 the Ruffian (level 8, -5/124 HPs)
             Began as a Troll Berserker on May 3, 2022.
             Was an Elder of Trog.
             Slain by a gnoll sergeant
             ... wielding a +1 spear of venom
              (11 damage)
             ... on level 7 of the Dungeon.
             The game lasted 00:27:18 (5826 turns).

happo123 the Ruffian (Troll Berserker)              Turns: 5826, Time: 00:27:19

Health: -5/124     AC:  4    Str: 28    XL:     8   Next: 79%
Magic:  0/7        EV: 11    Int:  3    God:    Trog [****..]
Gold:   383        SH:  0    Dex:  9    Spells: 7/7 levels left

rFire   . . .      SeeInvis .   y - +1 flail (drain)
rCold   . . .      Faith    .   (no shield)
rNeg    . . .      Spirit   +   a - +0 animal skin
rPois   .          Reflect  .   (helmet restricted)
rElec   .          Harm     .   (no cloak)
rCorr   .          Rampage  .   (gloves unavailable)
Will    .....                   (boots unavailable)
Stlth   ..........              t - amulet of guardian spirit
HPRegen 1.10/turn               (no ring)
MPRegen 0.10/turn               (no ring)

@: berserking (expiring), lethally poisoned (-5 -> -23), very quick
A: large, unfitting armour, claws 3, regeneration 1, shaggy fur 1, tough skin 1
a: Renounce Religion, Berserk, Trog's Hand, Brothers in Arms


You were on level 7 of the Dungeon.
You worshipped Trog.
Trog was greatly pleased with you.
You visited 1 branch of the dungeon, and saw 7 of its levels.

You collected 383 gold pieces.

Inventory:

Hand Weapons
 y - a +1 flail of draining (weapon)
 A - a +2 antimagic hand axe
Missiles
 i - 5 boomerangs
 x - 5 datura-tipped darts (quivered)
Armour
 a - a +0 animal skin (worn)
Jewellery
 t - an amulet of guardian spirit (around neck)
Scrolls
 b - 2 scrolls of enchant weapon {unknown}
 c - 3 scrolls of blinking {unknown}
 f - 4 scrolls of identify {unknown}
 l - 3 scrolls of fog {unknown}
 n - 2 scrolls of teleportation {unknown}
 o - a scroll of brand weapon {unknown}
 q - a scroll of vulnerability {unknown}
 s - a scroll of amnesia {unknown}
 u - a scroll of summoning {unknown}
 v - 2 scrolls of fear {unknown}
 w - a scroll of noise {unknown}
Potions
 d - 5 potions of lignification {unknown}
 e - a potion of magic {unknown}
 g - a potion of flight {unknown}
 h - 2 potions of cancellation {unknown}
 j - 2 potions of heal wounds {unknown}
 k - 2 potions of haste {unknown}
 m - 2 potions of ambrosia {unknown}
 p - a potion of degeneration {unknown}
 r - 5 potions of curing {unknown}
 z - a potion of might {unknown}


   Skills:
 + Level 6.0 Fighting
 + Level 6.0 Dodging
 + Level 7.2 Unarmed Combat


You had 7 spell levels left.
You didn't know any spells.
Your spell library was empty.

Dungeon Overview and Level Annotations

Branches:
Dungeon (7/15)             Temple (0/1) D:7

Altars:


Innate Abilities, Weirdness & Mutations

You are too large for most types of armour.
You have claws for hands.
Your natural rate of healing is unusually fast.
You are covered in fur. (AC +1)
You have tough skin. (AC +1)


Message History

You are more poisoned.
A red film seems to cover your vision as you go berserk!
You feel yourself moving faster!
You feel mighty!
You feel very sick.
The gnoll sergeant hits you from afar with a +1 spear of venom!
The gnoll hits you with a +0 halberd!
You feel magic returning to you.
You sense an unholy aura.
y - a +1 flail of draining (weapon)
You feel a strong urge to attack something.
You feel sick.
You hit the gnoll. You drain the gnoll.
The gnoll is almost dead.
You feel very sick.
The gnoll sergeant hits you from afar with a +1 spear of venom!
* * * LOW HITPOINT WARNING * * *
You are more poisoned.
The gnoll closely misses you.
You bludgeon the gnoll!!
You kill the gnoll!
Trog accepts your kill.
You feel very sick.
The gnoll sergeant hits you but does no damage.
You are more poisoned.
You sock the gnoll!
You kill the gnoll!
Trog accepts your kill.
* * * LOW HITPOINT WARNING * * *
You feel extremely sick.
The gnoll sergeant hits you from afar with a +1 spear of venom.
* * * LOW HITPOINT WARNING * * *
You are more poisoned.
* * * LOW HITPOINT WARNING * * *
You feel extremely sick.
Items here: ( )) ††.
You sock the gnoll sergeant!
The gnoll sergeant is heavily wounded.
* * * LOW HITPOINT WARNING * * *
You feel very sick.
The gnoll sergeant hits you with a +1 spear of venom!
You die...

###########
#.g@.)....##
#.....#####.#.#########
#.#.... ..###.........
#.... ###.#.###......
#.#.# #)## #.###..
..... #.####.###..
###### #...........
######.###.. #.# ###


You could see a gnoll sergeant.

Vanquished Creatures
  A water moccasin (D:6)
  A black bear (D:5)
  An ogre (D:4)
  2 centaurs
  2 phantoms (D:4)
  A kobold brigand (D:6)
  3 necrophages (D:6)
  2 scorpions (D:5)
  4 jellies
  5 orc priests
  A gnoll shaman (D:7)
  A hound (D:6)
  5 orc wizards
  An iguana (D:5)
  Robin (D:2)
  6 adders
  12 gnolls
  A white imp (D:6)
  An ufetubus (D:5)
  A worm (D:4)
  22 orcs
  11 endoplasms
  4 giant cockroaches
  19 goblins
  8 hobgoblins
  4 jackals (D:2)
  3 quokkas
  7 ball pythons
  4 bats
  2 frilled lizards
  14 kobolds
  5 rats
155 creatures vanquished.

Vanquished Creatures (others)
  An orc wizard (D:6)
  12 plants
13 creatures vanquished.

Grand Total: 168 creatures vanquished

Notes
Turn   | Place    | Note
-------+----------+-------------------------------------------
     0 | D:1      | happo123 the Troll Berserker began the quest for the Orb.
     0 | D:1      | Reached XP level 1. HP: 22/22 MP: 0/0
   163 | D:1      | Reached XP level 2. HP: 29/29 MP: 1/1
   187 | D:1      | Found a faded altar of an unknown god.
  1004 | D:2      | Noticed Robin
  1012 | D:2      | Reached XP level 3. HP: 36/36 MP: 2/2
  1040 | D:2      | Killed Robin
  1040 | D:2      | Reached ** piety under Trog
  1541 | D:2      | Reached XP level 4. HP: 43/45 MP: 3/3
  2409 | D:3      | Reached skill level 4 in Unarmed Combat
  2608 | D:4      | Reached XP level 5. HP: 42/53 MP: 4/4
  2827 | D:4      | Noticed an ogre
  2828 | D:4      | Noticed a phantom
  2840 | D:4      | Killed an ogre
  2841 | D:4      | Reached XP level 6. HP: 62/62 MP: 5/5
  3014 | D:4      | Reached *** piety under Trog
  3110 | D:4      | Reached skill level 5 in Unarmed Combat
  3422 | D:5      | Entered Level 5 of the Dungeon
  3588 | D:5      | Reached XP level 7. HP: 44/71 MP: 4/6
  3966 | D:5      | Reached skill level 5 in Fighting
  3966 | D:5      | Reached skill level 6 in Unarmed Combat
  3970 | D:5      | Reached skill level 5 in Dodging
  4090 | D:5      | Reached XP level 8. HP: 48/80 MP: 5/7
  4761 | D:6      | HP: 4/80 [orc/+0 mace (4)]
  5340 | D:6      | Reached **** piety under Trog
  5716 | D:7      | Reached skill level 7 in Unarmed Combat
  5726 | D:7      | Found a staircase to the Ecumenical Temple.
  5826 | D:7      | HP: 6/124 [poisoned by a gnoll sergeant]
  5826 | D:7      | Slain by a gnoll sergeant

Illustrated notes

Levels and vault maps discovered:
D:1:      lemuel_arrival_room, layout_basic,
          dreamdust_ecumenical_altar_angels_and_demons
D:2:      layout_loops_corners, serial_forest, infiniplex_forest_clump_diagonal,
          infiniplex_forest_clump_curved, infiniplex_forest_lined_ring,
          infiniplex_forest_lined_room_2, infiniplex_forest_zigzag_2,
          infiniplex_forest_clump_cross, uniq_robin
D:3:      layout_loops_cross, serial_bayou, serial_bayou_lake_a,
          serial_bayou_pond_a, serial_bayou_lagoon_a, serial_bayou_pond_d,
          chequers_jeans, kennysheep_generic_room_9
D:4:      layout_cave_pods, nicolae_figureground_pulse
D:5:      layout_basic
D:6:      layout_gridville
D:7:      layout_loops_ring, minmay_temple_entry_mist

Skill      XL: |  1  2  3  4  5  6  7  8 |
---------------+-------------------------+-----
Fighting       | 3 4 5 6 |  6.0
Dodging        | 3 4 5 6 |  6.0
Unarmed Combat | 4 5 6 7 |  7.2

Action                   |  1- 3 |  4- 6 |  7- 9 || total
-------------------------+-------+-------+-------++-------
Melee: Unarmed           |   105 |   132 |    34 ||   271
       Punch             |     1 |     1 |     6 ||     8
       Flail             |       |       |   111 ||   111
       Hand axe          |       |       |    40 ||    40
Invok: Berserk           |     1 |     4 |     5 ||    10
       Trog's Hand       |       |       |     1 ||     1
 Stab: Sleeping          |     1 |       |       ||     1
Armor: Animal skin       |    33 |    48 |    70 ||   151
Dodge: Dodged            |    79 |    71 |   125 ||   275

Table legend: (Time is in decaauts)
 A = Elapsed time spent in this place.
 B = Non-inter-level travel time spent in this place.
 C = Inter-level travel time spent in this place.
 D = Time resting spent in this place.
 E = Time spent auto-exploring this place.
 F = Levels seen in this place.
 G = Mean time per level.
                   A        B        C        D        E       F      G
               +--------+--------+--------+--------+--------+-----+--------+
         Total |   5968 |   5301 |    667 |    249 |   4070 |   7 |  852.6 |
       Dungeon |   5968 |   5301 |    667 |    249 |   4070 |   7 |  852.6 |
               +--------+--------+--------+--------+--------+-----+--------+

Top non-repeatable levels by time:
     D:6: 1196 daAuts
     D:5: 1159 daAuts
     D:1: 922 daAuts
     D:2: 892 daAuts
     D:3: 839 daAuts
     D:4: 829 daAuts
     D:7: 127 daAuts
